 Dungeon Crawl Stone Soup version 0.27-a0-686-gaed091b46b (webtiles) character file.

Game seed: 11997096422947047855

56 Azzok the Archer (level 3, 0/31 HPs)
             Began as a Gnoll Hunter on Mar 20, 2021.
             Splashed by Ijyb's acid (11 damage)
             ... on level 3 of the Dungeon.
             The game lasted 00:02:17 (2225 turns).

Azzok the Archer (Gnoll Hunter)                     Turns: 2225, Time: 00:02:17

Health: 0/31       AC:  9    Str: 12    XL:     3   Next: 97%
Magic:  4/4        EV:  6    Int: 10    God:
Gold:   52         SH:  0    Dex: 12    Spells: 4/4 levels left

rFire    . . .     SeeInvis .   a - +1 shortbow
rCold    . . .     Faith    .   (shield currently unavailable)
rNeg     . . .     Spirit   .   j - +0 chain mail
rPois    .         Reflect  .   (no helmet)
rElec    .         Harm     .   (no cloak)
rCorr    .         Rampage  .   (no gloves)
Will     .....                  g - +0 pair of boots
Stlth    ..........             (no amulet)
HPRegen  0.10/turn              (no ring)
MPRegen  0.09/turn              (no ring)

@: no status effects
A: fangs 1, strong nose, distributed training
a: no special abilities


You were on level 3 of the Dungeon.
You visited 1 branch of the dungeon, and saw 3 of its levels.

You collected 52 gold pieces.

Inventory:

Hand Weapons
 a - a +1 shortbow (weapon)
 b - a +0 short sword
Missiles
 d - 63 arrows (quivered ammo)
Armour
 g - a +0 pair of boots (worn)
 j - a +0 chain mail (worn)
Jewellery
 l - a ring of flight
Scrolls
 c - a scroll of enchant armour {unknown}
 e - 3 scrolls of identify {unknown}
 f - a scroll of teleportation {unknown}
 k - a scroll of noise {unknown}
Potions
 h - a potion of ambrosia {unknown}
 i - a potion of cancellation {unknown}


   Skills:
 + Level 4.6 Fighting
 + Level 1.0 Short Blades
 + Level 1.0 Long Blades
 + Level 1.0 Axes
 + Level 1.0 Maces & Flails
 + Level 1.0 Polearms
 + Level 1.0 Staves
 + Level 1.0 Slings
 + Level 8.5 Bows
 + Level 1.0 Crossbows
 + Level 1.0 Throwing
 + Level 1.0 Armour
 + Level 4.6 Dodging
 + Level 2.5 Stealth
 + Level 1.0 Shields
 + Level 1.0 Unarmed Combat
 + Level 1.0 Spellcasting
 + Level 0.7 Conjurations
 + Level 0.7 Hexes
 + Level 0.7 Summonings
 + Level 0.7 Necromancy
 + Level 0.7 Translocations
 + Level 0.7 Transmutations
 + Level 0.7 Fire Magic
 + Level 0.7 Ice Magic
 + Level 0.7 Air Magic
 + Level 0.7 Earth Magic
 + Level 0.7 Poison Magic
 + Level 1.1 Invocations
 + Level 1.0 Evocations


You had 4 spell levels left.
You didn't know any spells.
Your spell library was empty.

Dungeon Overview and Level Annotations

Branches:
Dungeon (3/15)

Altars:

Annotations:
D:3 Ijyb


Innate Abilities, Weirdness & Mutations

You have very sharp teeth.
Your uncanny sense of smell can sniff out nearby items.
Your experience applies equally to all skills.


Message History

l - a ring of flight A goblin comes into view.
It is wielding a +0 club.
The goblin shouts!
A goblin is nearby!
You start waiting.
A goblin is nearby!
You closely miss the goblin. Your punch misses the goblin.
The goblin barely misses you.
You hit the goblin but do no damage. The goblin barely misses you.
The goblin hits you but does no damage.
You miss the goblin. The goblin hits you but does no damage.
You hit the goblin.
You kill the goblin!
A rat comes into view.
Things that are here:
a +0 club; a goblin corpse A rat is nearby!
A rat is nearby!
The rat bites you.
You closely miss the rat. The rat bites you.
You hit the rat. You bite the rat, but do no damage.
The rat is moderately wounded.
The rat bites you but does no damage.
You hit the rat.
You kill the rat!
Ijyb the Twisted Goblin comes into view.
She is wielding a +0 dagger and carrying a wand of acid (6).
Ijyb shouts!
You hear a shout!
Ijyb is nearby!
a - a +1 shortbow (weapon)
Ijyb zaps a wand.
The bolt of acid misses you.
You shoot an arrow. The arrow misses Ijyb.
You shoot an arrow. The arrow barely misses Ijyb.
An adder comes into view.
Ijyb zaps a wand.
The bolt of acid hits you.
You are splashed with acid!
You are too injured to fight recklessly!
You are too injured to fight recklessly!
You are too injured to fight recklessly!
The adder hisses angrily.
Ijyb zaps a wand.
The bolt of acid hits you.
You are splashed with acid!
You die...

?·· ···· ∆ ·· ···
··▒·· ▒▒ ·▒···· ··▒·
▒▒ ▒·· ·▒ ▒
▒▒▒▒▒▒▒·▒▒▒▒▒▒▒·▒··▒
·········@···gS····▒
▒▒▒▒▒▒▒·▒▒▒▒▒▒▒=(▒·▒
▒·▒▒▒▒▒▒▒··▒
▒·)·····▒··▒
▒▒▒▒▒▒▒·▒···
▒·····▒····
▒·▒▒▒▒▒·▒···
▒····<▒·▒▒··▒
▒▒▒▒▒▒▒


You could see Ijyb and an adder.

Vanquished Creatures
  A gnoll (D:2)
  A worm (D:2)
  A dart slug (D:1)
  3 leopard geckos
  6 bats (D:1)
  2 giant cockroaches (D:1)
  3 goblins
  5 hobgoblins
  A jackal (D:1)
  3 kobolds
  2 quokkas (D:2)
  3 frilled lizards
  5 rats
36 creatures vanquished.

Notes
Turn   | Place    | Note
-------+----------+-------------------------------------------
     0 | D:1      | Azzok the Gnoll Hunter began the quest for the Orb.
     0 | D:1      | Reached XP level 1. HP: 20/20 MP: 1/1
   148 | D:1      | Reached XP level 2. HP: 15/26 MP: 2/2
   690 | D:1      | Reached XP level 3. HP: 23/31 MP: 3/3
  1440 | D:2      | Reached skill level 1 in Invocations
  1668 | D:2      | Reached skill level 1 in Short Blades
  1668 | D:2      | Reached skill level 1 in Long Blades
  1668 | D:2      | Reached skill level 1 in Axes
  1668 | D:2      | Reached skill level 1 in Maces & Flails
  1668 | D:2      | Reached skill level 1 in Polearms
  1668 | D:2      | Reached skill level 1 in Staves
  1668 | D:2      | Reached skill level 1 in Slings
  1668 | D:2      | Reached skill level 1 in Crossbows
  1668 | D:2      | Reached skill level 1 in Throwing
  1668 | D:2      | Reached skill level 1 in Armour
  1668 | D:2      | Reached skill level 1 in Shields
  1668 | D:2      | Reached skill level 1 in Unarmed Combat
  1668 | D:2      | Reached skill level 1 in Spellcasting
  1668 | D:2      | Reached skill level 1 in Evocations
  2217 | D:3      | Noticed Ijyb
  2225 | D:3      | Splashed by Ijyb's acid

Illustrated notes

Levels and vault maps discovered:
D:1:      dpeg_arrival_tiny_k, layout_basic, serial_rivers,
          chequers_serial_rivers_large_a, chequers_serial_rivers_micro_c,
          chequers_serial_rivers_small_3, chequers_serial_rivers_micro_a,
          chequers_serial_rivers_room_b, minmay_tromino_mix6
D:2:      layout_basic, minmay_stone_trees_small, minmay_misc_feat_alley,
          st_stairs_9
D:3:      layout_basic, lemuel_coloured_pillars_altar, cheibrodos_gnoll_hut,
          uniq_jessica, uniq_terence, uniq_sigmund, uniq_ijyb

Skill      XL: |  1  2  3 |
---------------+----------+-----
Invocations    | 1 |  1.1
Short Blades   | 1 |  1.0
Long Blades    | 1 |  1.0
Axes           | 1 |  1.0
Maces & Flails | 1 |  1.0
Polearms       | 1 |  1.0
Staves         | 1 |  1.0
Slings         | 1 |  1.0
Crossbows      | 1 |  1.0
Throwing       | 1 |  1.0
Armour         | 1 |  1.0
Shields        | 1 |  1.0
Unarmed Combat | 1 |  1.0
Spellcasting   | 1 |  1.0
Evocations     | 1 |  1.0
Fighting       | |  4.6
Bows           | |  8.5
Dodging        | |  4.6
Stealth        | |  2.5
Conjurations   | |  0.7
Hexes          | |  0.7
Summonings     | |  0.7
Necromancy     | |  0.7
Translocations | |  0.7
Transmutations | |  0.7
Fire Magic     | |  0.7
Ice Magic      | |  0.7
Air Magic      | |  0.7
Earth Magic    | |  0.7
Poison Magic   | |  0.7

Action                   || total
-------------------------++-------
Melee: Short sword       ||   137
       Bite              ||     6
 Fire: Shortbow          ||    14
 Stab: Sleeping          ||     1
Armor: Leather armour    ||    16
       Scale mail        ||    48
       Chain mail        ||    12
Dodge: Dodged            ||    80

Table legend: (Time is in decaauts)
 A = Elapsed time spent in this place.
 B = Non-inter-level travel time spent in this place.
 C = Inter-level travel time spent in this place.
 D = Time resting spent in this place.
 E = Time spent auto-exploring this place.
 F = Levels seen in this place.
 G = Mean time per level.
                   A        B        C        D        E       F      G
               +--------+--------+--------+--------+--------+-----+--------+
         Total |   2252 |   2174 |     78 |    117 |   1672 |   3 |  750.7 |
       Dungeon |   2252 |   2174 |     78 |    117 |   1672 |   3 |  750.7 |
               +--------+--------+--------+--------+--------+-----+--------+

Top non-repeatable levels by time:
     D:2: 1090 daAuts
     D:1: 1090 daAuts
     D:3: 71 daAuts
